 Dungeon Crawl Stone Soup version 0.21.1-72-gffa868e (webtiles) character file.

56 Madoushi the Chopper (level 3, 0/33 HPs)
             Began as a Minotaur Berserker on Aug 3, 2018.
             Was a Believer of Trog.
             Slain by Sigmund
             ... wielding a +0 scythe
              (10 damage)
             ... on level 2 of the Dungeon.
             The game lasted 00:03:28 (1950 turns).

Madoushi the Chopper (Minotaur Berserker)           Turns: 1950, Time: 00:03:28

Health: 0/33       AC:  2    Str: 22    XL:     3   Next: 71%
Magic:  2/2        EV: 15    Int:  4    God:    Trog [**....]
Gold:   65         SH:  0    Dex:  9    Spells: 2/2 levels left

rFire    . . .     SeeInvis .   a - +0 hand axe
rCold    . . .     Gourm    .   (no shield)
rNeg     . . .     Faith    .   b - +0 animal skin
rPois    .         Spirit   .   (helmet restricted)
rElec    .         Reflect  .   (no cloak)
rCorr    .         Harm     .   (no gloves)
MR       .....                  (no boots)
Stlth    +.........             (no amulet)
HPRegen  0.11/turn              i - +3 ring of evasion
MPRegen  0.08/turn              (no ring)

@: no status effects
A: retaliatory headbutt, horns 2
a: Berserk, Trog's Hand, Burn Spellbooks, Renounce Religion


You were on level 2 of the Dungeon.
You worshipped Trog.
Trog was pleased with you.
You were not hungry.

You visited 1 branch of the dungeon, and saw 2 of its levels.

You collected 65 gold pieces.

Inventory:

Hand Weapons
 a - a +0 hand axe (weapon)
 l - a +0 great mace
 n - a +0 trident
Missiles
 e - 30 arrows
Armour
 b - a +0 animal skin (worn)
 j - a +0 robe
Jewellery
 d - an uncursed ring of wizardry {unknown}
 i - a +3 ring of evasion (left hand)
Scrolls
 f - 2 scrolls of enchant weapon {unknown}
Potions
 g - a potion of berserk rage {unknown}
 h - a potion of curing
 m - a potion of resistance {unknown}
Comestibles
 c - a ration


   Skills:
 + Level 4.2 Fighting
 + Level 4.2 Axes
 + Level 3.1 Armour
 + Level 3.0 Dodging


You had 2 spell levels left.
You didn't know any spells.

Dungeon Overview and Level Annotations

Branches:
Dungeon (2/15)

Altars:

Annotations:
D:2 Sigmund


Innate Abilities, Weirdness & Mutations

You reflexively headbutt those who attack you in melee.
You have a pair of horns on your head.


Message History

Sigmund gestures wildly while chanting.
Sigmund flickers and vanishes!
There is a stone staircase leading up here.
There is a stone staircase leading up here.
You enter a teleport trap!
The teleport trap disappears.
Your surroundings seem slightly different.
Something hits you! Something barely misses you.
Something completely misses you.
You hear some strange, mumbled words.
A puff of flame appears from out of thin air!
The puff of flame hits you! Something hits you.
You miss something. You hit something. Your headbutt misses something.
Something hits you.
You closely miss something. You headbutt something! Something hits you.
You miss something. Something barely misses you.
There is a stone staircase leading up here.
Something hits you!
You die...

#...# #.# #..#..
#...####.## #..{..
#.........# #.##.#
#####....###..# #.##.#
.##.............#
#...@.
................#
###...
.##.....){....#.# #.#.
####..........# .. .
#.# #.@..#.##### .#. #
#.# #....#.# #.#. #
#.# #####....#.# # ..
##. #.#.##)......#.#
.#
.##..##.#.#..........#
......... #..........#
........###.........##
#..††.........##
##.##.##.#.......


There were no monsters in sight!

Vanquished Creatures
  An ooze (D:1)
  4 dart slugs (D:1)
  3 leopard geckos (D:1)
  2 bats (D:1)
  2 giant cockroaches (D:1)
  6 goblins
  7 hobgoblins
  A quokka (D:2)
  2 frilled lizards (D:1)
  6 kobolds
  5 rats
39 creatures vanquished.

Notes
Turn   | Place    | Note
-------+----------+-------------------------------------------
     0 | D:1      | Madoushi the Minotaur Berserker began the quest for the Orb.
     0 | D:1      | Reached XP level 1. HP: 19/19 MP: 0/0
   417 | D:1      | Reached XP level 2. HP: 23/27 MP: 1/1
   903 | D:1      | Reached ** piety under Trog
   903 | D:1      | Reached XP level 3. HP: 33/33 MP: 2/2
  1769 | D:2      | Noticed Sigmund
  1950 | D:2      | Slain by Sigmund

Skill      XL: |  1  2  3 |
---------------+----------+-----
Axes           | 4 |  4.2
Fighting       | 4 |  4.2
Armour         | 3 |  3.1
Dodging        | 3 |  3.0

Action                   || total
-------------------------++-------
Melee: Hand axe          ||    87
       Headbutt          ||    14
  Use: Scroll            ||     1
  Eat: Chunk             ||     3
Armor: Animal skin       ||    17
Dodge: Dodged            ||    60
